 Dungeon Crawl Stone Soup version 0.21-b1-23-g1fb0a74c36 (webtiles) character file.

6486 spidu the Basher (level 10, -2/88 HPs)
             Began as a Minotaur Fighter on Jan 5, 2018.
             Was an Elder of Okawaru.
             Engulfed by a cloud of flame (16 damage)
             ... on level 1 of the Lair of Beasts on Jan 6, 2018.
             The game lasted 01:53:31 (8453 turns).

spidu the Basher (Minotaur Fighter)                 Turns: 8453, Time: 01:54:01

Health: -2/88      AC: 13    Str: 27    XL:     10   Next: 68%
Magic:  10/10      EV: 12    Int:  9    God:    Okawaru [****..]
Gold:   300        SH: 12    Dex: 12    Spells: 9/9 levels left

rFire    . . .     SeeInvis .   s - +2 flail (crush)
rCold    . . .     Gourm    .   c - +0 shield
rNeg     + . .     Faith    .   Q - +2 ring mail {rN+}
rPois    .         Spirit   .   (helmet restricted)
rElec    .         Reflect  .   S - +0 cloak
rCorr    .         Harm     .   m - +2 pair of gloves
MR       .....                  (no boots)
Stlth    +.........             (no amulet)
HPRegen  0.24/turn              p - +1 ring of slaying
MPRegen  0.12/turn              F - +4 ring of intelligence

@: mighty
A: retaliatory headbutt, horns 2
a: Heroism, Renounce Religion


You were on level 1 of the Lair of Beasts.
You worshipped Okawaru.
Okawaru was greatly pleased with you.
You were not hungry.

You visited 3 branches of the dungeon, and saw 11 of its levels.

You collected 300 gold pieces.

Inventory:

Hand Weapons
 s - a +2 flail of crushing (weapon)
 y - a +0 hunting sling
 z - a +0 morningstar
Missiles
 j - 52 sling bullets
 k - 201 stones (quivered)
 l - 55 arrows
 I - 27 bolts
Armour
 a - a +3 leather armour of poison resistance
 b - a +0 scale mail
 c - a +0 shield (worn)
 i - a cursed -1 pair of gloves
 m - a +2 pair of gloves (worn)
 D - a +0 chain mail
 G - a +2 ring mail of fire resistance
 K - a +0 ring mail
 Q - a +2 ring mail of positive energy (worn)
 S - a +0 cloak (worn)
Jewellery
 p - a +1 ring of slaying (left hand)
 q - a +3 ring of strength {unknown}
 t - an uncursed ring of flight {unknown}
 w - an uncursed ring of protection from magic {unknown}
 F - a +4 ring of intelligence (right hand)
Wands
 d - a wand of digging (5)
 x - a wand of iceblast (9)
 C - a wand of flame (29)
Scrolls
 g - 3 scrolls of noise
 r - a scroll of enchant weapon
 v - 2 scrolls of amnesia
 A - 3 scrolls of remove curse
 E - a scroll of enchant armour
 M - a scroll of silence {unknown}
 P - a scroll of teleportation
Potions
 e - 2 potions of lignification
 h - a potion of flight
 n - 3 potions of mutation
 o - 3 potions of brilliance
 u - 2 potions of degeneration
 H - a potion of cancellation {unknown}
 J - a potion of curing
 N - a potion of magic {unknown}
 O - a potion of might
Books
 R - the Disquisition on Heat and Enchantment
   (You found it on level 6 of the Dungeon)

   Spells                             Type                      Level
   a - Portal Projectile              Hexes/Translocation          3
   b - Sticky Flame                   Conjuration/Fire             4
   c - Summon Mana Viper              Hexes/Summoning              5
   d - Discord                        Hexes                        8
Comestibles
 f - 13 rations


   Skills:
 + Level 8.1 Fighting
 + Level 12.7 Maces & Flails
 + Level 9.1 Armour
 + Level 4.5 Dodging
 + Level 1.6 Stealth
 + Level 7.9 Shields
 + Level 2.1 Invocations
 + Level 1.1 Evocations


You had 9 spell levels left.
You didn't know any spells.

Dungeon Overview and Level Annotations

Branches:
Dungeon (9/15)             Temple (1/1) D:6            Lair (1/6) D:9
    Orc: D:9-12

Altars:
Ashenzari
Cheibriados
Dithmenos
Elyvilon
Fedhas
Gozag
Kikubaaqudgha
Makhleb
Nemelex Xobeh
Okawaru
Qazlal
Ru
Sif Muna
Trog
Uskayaw
Vehumet
Wu Jian
Xom
Yredelemnul
Zin
The Shining One


Innate Abilities, Weirdness & Mutations

You reflexively headbutt those who attack you in melee.
You have a pair of horns on your head.


Message History

The basilisk bites you. The crocodile bites you! The basilisk bites you.
The crocodile completely misses you. The basilisk bites you.
The crocodile bites you! The basilisk bites you. The crocodile bites you!
You turn to flesh and can move again.
Okay, then.
Okay, then.
You hit the basilisk.
The basilisk is lightly wounded.
You block the basilisk's attack. You block the crocodile's attack.
You completely miss the basilisk. You headbutt the basilisk!
The basilisk is heavily wounded.
You block the basilisk's attack. You block the crocodile's attack.
You sock the basilisk! You headbutt the basilisk!
The basilisk explodes!
The fiery explosion engulfs you!
* * * LOW HITPOINT WARNING * * *
Okawaru accepts your kill.
You are engulfed in blazing flames.
You die...

P.... .....#
...... .....
...... ....#
)..... ....#
......##....
..........##
...........#
.....%.t..#
......§@§.#
......§.§..#
......§§§...#
............#
............#
...(.......##
..........##
.......####


You could see a crocodile (inner flame).

Vanquished Creatures
  2 two-headed ogres
  A centaur zombie (D:8)
  Maurice (D:8)
  Grinder (D:6)
  Prince Ribbit (D:7)
  A basilisk (Lair:1)
  A steam dragon (D:9)
  Edmund (D:6)
  Duvessa (D:6)
  A water moccasin (D:7)
  2 porcupines (D:9)
  2 orc warriors
  3 ice beasts
  A phantom (D:5)
  A sky beast (D:9)
  2 ogres
  5 centaurs
  A crocodile (D:9)
  2 big kobolds
  3 bullfrogs
  A gnoll sergeant (D:8)
  Dowan (D:6)
  4 wights (D:9)
  2 howler monkeys
  A bullfrog zombie (D:7)
  2 crimson imps
  3 hounds
  2 jellies
  A gnoll shaman (D:6)
  7 orc priests
  3 iguanas
  11 orc wizards
  A hell rat (D:9)
  6 worker ants
  A killer bee zombie (D:6)
  A hound skeleton (D:5)
  A mummy (D:6)
  10 adders
  7 gnolls
  3 river rats (D:9)
  2 adder zombies (D:7)
  3 adder skeletons
  3 worms
  3 dart slugs
  3 leopard geckos
  34 orcs
  3 bats
  5 giant cockroaches
  3 goblins
  11 hobgoblins
  2 jackals (D:9)
  12 kobolds
  6 quokkas
  A ball python (D:4)
  18 frilled lizards
  A jackal skeleton (D:8)
  8 rats
  A plant (D:3)
220 creatures vanquished.

Notes
Turn   | Place    | Note
-------+----------+-------------------------------------------
     0 | D:1      | spidu the Minotaur Fighter began the quest for the Orb.
     0 | D:1      | Reached XP level 1. HP: 19/19 MP: 0/0
   148 | D:1      | Reached XP level 2. HP: 26/27 MP: 1/1
   772 | D:2      | Reached XP level 3. HP: 29/33 MP: 2/2
  1242 | D:2      | Reached skill level 3 in Maces & Flails
  1679 | D:3      | Reached XP level 4. HP: 25/40 MP: 3/3
  2129 | D:3      | Found a glowing golden altar of the Shining One.
  2238 | D:3      | Found an ornate altar of the Wu Jian Council.
  2553 | D:4      | Reached skill level 4 in Maces & Flails
  2606 | D:4      | Reached XP level 5. HP: 27/46 MP: 4/4
  2854 | D:4      | Found a basalt altar of Yredelemnul.
  3136 | D:4      | Noticed an ice beast
  3143 | D:4      | Killed an ice beast
  3143 | D:4      | Reached skill level 5 in Maces & Flails
  3143 | D:4      | Reached skill level 5 in Armour
  3143 | D:4      | Reached skill level 1 in Dodging
  3143 | D:4      | Reached XP level 6. HP: 43/53 MP: 5/5
  3673 | D:5      | Entered Level 5 of the Dungeon
  3877 | D:5      | Reached XP level 7. HP: 41/60 MP: 6/6
  3996 | D:5      | Reached skill level 5 in Fighting
  3996 | D:5      | Reached skill level 6 in Maces & Flails
  3996 | D:5      | Reached skill level 5 in Shields
  4115 | D:6      | Found a staircase to the Ecumenical Temple.
  4167 | Temple   | Entered the Ecumenical Temple
  4227 | Temple   | Became a worshipper of Warmaster Okawaru
  4290 | D:6      | Noticed Edmund
  4302 | D:6      | Killed Edmund
  4392 | D:6      | Identified the Disquisition on Heat and Enchantment
  4715 | D:5      | Reached skill level 7 in Maces & Flails
  5078 | D:6      | Noticed Duvessa
  5078 | D:6      | Noticed Dowan
  5086 | D:6      | Killed Duvessa
  5086 | D:6      | Reached XP level 8. HP: 63/69 MP: 7/7
  5087 | D:6      | Killed Dowan
  5266 | D:6      | Reached * piety under Okawaru
  5636 | D:7      | Reached skill level 8 in Maces & Flails
  5918 | D:7      | Noticed Prince Ribbit
  5936 | D:7      | Killed Prince Ribbit
  5981 | D:7      | Reached skill level 1 in Evocations
  6092 | D:7      | Reached ** piety under Okawaru
  6094 | D:7      | Reached XP level 9. HP: 72/75 MP: 6/8
  6292 | D:7      | Reached skill level 9 in Maces & Flails
  6296 | D:7      | Found a hide-covered altar of Uskayaw.
  6299 | D:7      | Found a white marble altar of Elyvilon.
  6302 | D:7      | Found a shattered altar of Ashenzari.
  6376 | D:7      | Found a shimmering altar of Xom.
  6377 | D:7      | Found a shadowy altar of Dithmenos.
  6570 | D:6      | Reached skill level 1 in Stealth
  6705 | D:6      | Found a snail-covered altar of Cheibriados.
  6736 | D:6      | Noticed Grinder
  6750 | D:6      | Killed Grinder
  7022 | D:8      | Noticed a two-headed ogre
  7036 | D:8      | Killed a two-headed ogre
  7036 | D:8      | Reached *** piety under Okawaru
  7036 | D:8      | Reached skill level 10 in Maces & Flails
  7036 | D:8      | Reached skill level 1 in Invocations
  7148 | D:8      | Reached skill level 11 in Maces & Flails
  7365 | D:8      | Reached XP level 10. HP: 83/86 MP: 7/10
  7520 | D:8      | Noticed Maurice
  7530 | D:8      | Killed Maurice
  7807 | D:9      | Noticed a two-headed ogre
  7816 | D:9      | Killed a two-headed ogre
  7816 | D:9      | Reached skill level 12 in Maces & Flails
  7847 | D:9      | Reached **** piety under Okawaru
  7979 | D:9      | Found an opulent altar of Gozag.
  8057 | D:9      | Noticed a death yak
  8060 | D:9      | Noticed a death yak
  8060 | D:9      | Noticed a death yak
  8417 | D:9      | Found a staircase to the Lair.
  8426 | Lair:1   | Entered Level 1 of the Lair of Beasts
  8453 | Lair:1   | Engulfed by a cloud of flame

Skill      XL: |  1  2  3  4  5  6  7  8  9 10 |
---------------+-------------------------------+-----
Armour         | 4 5 6 7 8 9 |  9.1
Shields        | 4 5 6 7 |  7.9
Fighting       | 4 5 6 7 8 |  8.1
Maces & Flails | 3 4 5 7 8 11 12 | 12.7
Dodging        | 1 2 3 4 |  4.5
Evocations     | 1 |  1.1
Stealth        | 1 |  1.6
Invocations    | 1 2 |  2.1

Action                   |  1- 3 |  4- 6 |  7- 9 | 10-12 || total
-------------------------+-------+-------+-------+-------++-------
Melee: Flail             |   117 |   164 |   247 |   131 ||   659
       Headbutt          |    16 |    37 |    46 |    34 ||   133
Throw: Stone             |       |       |     6 |     4 ||    10
Invok: Heroism           |       |       |     9 |     5 ||    14
Evoke: Wand              |       |       |     9 |       ||     9
  Use: Scroll            |     3 |    10 |     8 |     4 ||    25
       Potion            |       |     1 |     6 |     4 ||    11
  Eat: Chunk             |     2 |     6 |     6 |     4 ||    18
       Ration            |       |     1 |     1 |       ||     2
Armor: Scale mail        |    34 |    61 |    92 |       ||   187
       Ring mail         |       |       |     1 |    37 ||    38
Dodge: Dodged            |    26 |    36 |    74 |    31 ||   167
Block: Shield            |    37 |    67 |    85 |    56 ||   245
